 Dungeon Crawl Stone Soup version 0.31-a0-303-gdc8c9485ea (webtiles) character file.

Game seed: 6988355360535616778

131335 howech the Warrior (level 16, -1/163 HPs)
             Began as a Minotaur Berserker on July 16, 2023.
             Was a High Priest of Trog.
             Hit by a javelin thrown by a merfolk javelineer (6 damage)
             ... on level 4 of the Shoals.
             The game lasted 02:09:59 (35105 turns).

howech the Warrior (Minotaur Berserker)            Turns: 35105, Time: 02:09:59

Health: -1/163     AC: 26    Str: 23    XL:     16   Next: 55%
Magic:  5/5        EV: 10    Int:  8    God:    Trog [*****.]
Gold:   3117       SH: 13    Dex: 13    Spells: 15/15 levels left

rFire   + . .        a - +2 broad axe (antimagic)
rCold   . . .        F - +1 buckler
rNeg    . . .        G - +4 plate armour
rPois   .            (helmet restricted)
rElec   .            w - +1 cloak
rCorr   .            H - +1 pair of gloves
SInv    +            B - +1 pair of boots of Hopscotch {+Inv rF+ SInv Stlth+}
Will    +++..        e - amulet of reflection Stlth
                     h - ring of see invisible
HPRegen 1.47/turn    (no ring)
MPRegen 0.09/turn

%: reflection
@: strong-willed, regenerating, studying 2 skills, very slow
A: horns 2, retaliatory headbutt
a: Renounce Religion, Evoke Invisibility, Berserk, Trog's Hand, Brothers in Arms


You were on level 4 of the Shoals.
You worshipped Trog.
Trog was extremely pleased with you.
You visited 5 branches of the dungeon, and saw 27 of its levels.
You also visited: Sewer.

You collected 5096 gold pieces.
You spent 1979 gold pieces at shops.

Inventory:

Hand Weapons
 a - a +2 antimagic broad axe (weapon)
 b - a +2 broad axe of flaming
 i - the +5 war axe "Seth" {freeze, rF+ Int-3 Dex+4}
   (You found it on level 7 of the Dungeon)

   Int:       It affects your intelligence (-3).
   Dex:       It affects your dexterity (+4).
   rF:        It protects you from fire.
Missiles
 j - 23 boomerangs
 q - 3 throwing nets
 u - 18 poisoned darts (quivered)
 N - 2 datura-tipped darts
 U - 3 javelins
Armour
 w - a +1 cloak (worn)
 B - the +1 pair of boots of Hopscotch (worn) {+Inv rF+ SInv Stlth+}
   (You bought it in a shop on level 2 of the Orcish Mines)

   rF:        It protects you from fire.
   SInv:      It lets you see invisible.
   +Inv:      It lets you turn invisible.
   Stlth:     It makes you more stealthy.
 F - a +1 buckler (worn)
 G - a +4 plate armour (worn)
 H - a +1 pair of gloves (worn)
Jewellery
 c - a +5 ring of evasion
 e - an amulet of reflection (around neck)
 h - a ring of see invisible (left hand)
 K - a +4 ring of protection
 T - a ring of positive energy
 V - a ring of protection from cold
Wands
 r - a wand of flame (22)
 J - a wand of iceblast (7)
 O - a wand of quicksilver (13)
 P - a wand of digging (5)
 S - a wand of charming (12)
 Z - a wand of mindburst (19)
Scrolls
 m - 10 scrolls of teleportation
 p - 3 scrolls of blinking
 y - 4 scrolls of fear
 A - 5 scrolls of immolation
 D - 2 scrolls of vulnerability
 I - 4 scrolls of revelation
 R - a scroll of brand weapon
 X - a scroll of silence
 Y - 11 scrolls of identify
Potions
 d - 3 potions of invisibility
 f - 7 potions of haste
 g - 5 potions of mutation
 k - 5 potions of heal wounds
 l - 15 potions of curing
 o - 3 potions of resistance
 t - 2 potions of enlightenment
 z - 4 potions of might
Miscellaneous
 v - a piece from Xom's chessboard (15/15)
 E - a box of beasts
 Q - a lightning rod (4/4)
 W - a condenser vane


   Skills:
 + Level 20.2 Fighting
 - Level 18.0 Axes
 - Level 5.0 Throwing
 + Level 11.8 Armour
 - Level 10.0 Dodging
 + Level 11.7 Shields
 + Level 12.1 Evocations


You had 15 spell levels left.
You didn't know any spells.
Your spell library was empty.

Dungeon Overview and Level Annotations

Branches:
Dungeon (15/15)            Temple (0/1) D:7            Lair (5/5) D:10
 Shoals (4/4) Lair:3        Snake (1/4) Lair:3        Slime (0/5) Lair:5
    Orc (2/2) D:10            Elf (0/3) Orc:2        Vaults (0/5) D:13
 Depths (0/4) D:15          Sewer (visited)

Altars:
Ashenzari
Elyvilon
Kikubaaqudgha
Makhleb
Nemelex Xobeh
Qazlal
Sif Muna
Trog
Uskayaw
Vehumet
Xom
Zin
The Shining One

Shops:
D:2 *   Orc:2 *(([   Shoals:1 :([?*

Annotations:
Shoals:3 2 transporters, Iniera's ghost, adept HuMo


Innate Abilities, Weirdness & Mutations

You have a pair of horns on your head.
You reflexively headbutt those who attack you in melee.


Message History

The merfolk hits you from afar with a +0 trident.
Unknown command.
Your unstable footing causes you to fumble your attack.
The merfolk javelineer throws a javelin.
The javelin pierces through you.
Unknown command.
You hit the merfolk but do no damage. You headbutt the merfolk!
The merfolk is almost dead.
You closely miss the merfolk javelineer.
The merfolk hits you with a +0 trident!
* * * LOW HITPOINT WARNING * * *
You block the merfolk's attack.
Unknown command.
You miss the merfolk javelineer.
Your headbutt misses the merfolk javelineer.
You hit the merfolk but do no damage.
The merfolk javelineer throws a javelin.
The javelin pierces through you.
* * * LOW HITPOINT WARNING * * *
The merfolk hits you with a +0 trident.
* * * LOW HITPOINT WARNING * * *
The merfolk hits you but does no damage.
The merfolk closely misses you.
The merfolk javelineer throws a javelin.
The javelin pierces through you!!
* * * LOW HITPOINT WARNING * * *
The merfolk hits you from afar with a +0 trident!
* * * LOW HITPOINT WARNING * * *
Unknown command.
Blink to where?
Press: ? - help, Dir - move target Splash!
As you read the scroll of blinking, it crumbles to dust.
The merfolk javelineer throws a javelin.
The javelin pierces through you!
* * * LOW HITPOINT WARNING * * *
The teleport trap disappears.
The merfolk disappears!
The merfolk javelineer throws a javelin.
The javelin pierces through you.
You die...

#.#.##........~~#~~ ##.......
.≈...##.......~~# #..~~...~
#~..##~..)....~~# #.~~~~~~~
#####.........~~# #~~~~~~~~
#.~#..........~~# #~~~~~~~~
[......[......~## ##~≈≈≈≈≈≈
..[...~~~~~~~~~### ###~≈≈≈≈≈≈
)....~~~~~~~~~~~~# ####~~≈≈≈≈≈≈≈
...~~~~~~~~~~≈≈≈@####~§#~≈≈≈≈≈≈≈≈
..~~~≈≈≈≈≈≈≈≈≈≈≈≈~~)~~§m≈≈≈≈≈≈≈≈≈
~~~~≈≈≈≈≈≈≈≈≈≈≈≈≈≈≈≈≈≈≈m≈≈≈≈≈≈≈≈≈
~~≈≈≈≈≈≈≈≈≈≈≈≈≈≈≈≈≈≈≈≈≈≈≈≈≈≈≈≈≈≈≈
≈≈≈≈≈≈≈≈≈≈≈≈≈≈≈≈≈≈≈≈≈≈≈≈≈≈≈≈≈≈≈≈≈
≈≈≈≈≈≈≈≈≈≈≈≈≈≈≈≈≈≈≈≈≈≈≈≈≈≈≈≈≈≈≈≈≈
≈≈≈≈≈≈ ≈≈≈≈≈≈≈≈≈≈≈≈≈≈≈≈≈≈≈≈≈≈≈≈≈
≈≈≈≈≈ ≈≈≈≈≈≈≈≈≈≈≈≈≈≈≈≈≈≈≈≈≈≈≈ ≈≈
≈≈≈≈≈≈≈≈≈≈≈≈≈≈≈≈≈≈≈≈≈


You could see a merfolk javelineer and a merfolk.

Vanquished Creatures
  Jorgrun (D:13)
  Mlioglotl (Shoals:1)
  Polyphemus (Shoals:2)
  Kirke (D:13)
  A frost giant (Shoals:4)
  An orc warlord (Orc:2)
  A stone giant (D:15)
  Nessos (D:13)
  Azrael (D:13)
  Snorg (D:13)
  An ettin (Orc:2)
  A fire dragon (Lair:5)
  A merfolk javelineer (Shoals:4)
  Josephine (D:10)
  8 merfolk impalers
  Harold (D:11)
  4 hydras
  Erica (D:8)
  A death knight (D:15)
  2 ogre magi (D:15)
  A catoblepas (Shoals:2)
  3 alligator snapping turtles
  7 centaur warriors
  14 two-headed ogres
  3 tengu warriors
  6 boulder beetles
  A satyr (Shoals:3)
  2 death yaks (Shoals:2)
  6 skysharks
  2 orc high priests (Orc:2)
  5 skeletal warriors
  7 sea snakes
  A lindwurm (Lair:5)
  2 orc sorcerers
  3 orc knights
  5 fauns (Shoals:2)
  8 manticores
  3 oklob plants (Lair:3)
  6 cyclopes
  8 merfolk sirens
  9 ugly things
  Maurice (D:11)
  15 elephants
  10 black mambas
  2 water nymphs (Shoals:2)
  12 cane toads
  2 molten gargoyles (Lair:5)
  4 centaur skeletons (D:13)
  2 freezing wraiths (D:15)
  An unseen horror (D:12)
  2 kobold demonologists
  An efreet (D:15)
  A yaktaur (D:13)
  9 komodo dragons
  15 merfolk
  8 trolls
  A polar bear (Lair:3)
  3 wind drakes
  The ghost of Demosthentine the Poker, an amateur DsGl (D:7)
  15 blink frogs
  16 dream sheep
  8 snapping turtles
  2 slime creatures (D:14)
  3 shadows (D:10)
  Eustachio (D:5)
  2 vampires
  7 wyverns
  3 water elementals
  32 yaks
  10 wraiths
  13 basilisks
  3 vampire mosquitoes
  A yak (shapeshifter) (D:14)
  3 fire elementals (D:13)
  5 hogs (D:13)
  3 steam dragons
  3 wargs
  2 nagas (Lair:3)
  20 water moccasins
  Duvessa (D:7)
  3 acid dragons
  6 hell hounds
  42 orc warriors
  4 black bears
  An ice beast (D:6)
  2 sky beasts
  11 wolves
  11 ogres
  12 centaurs
  A phantom (D:5)
  6 kobold brigands
  16 bullfrogs
  3 gnoll sergeants
  4 scorpions
  5 wights (D:6)
  Dowan (D:7)
  10 killer bees (D:9)
  2 electric eels (Lair:2)
  2 howler monkeys (D:10)
  5 lava snakes (Lair:5)
  2 gnoll boudas
  A hound (D:5)
  6 jellies
  19 orc priests
  Crazy Yiuf (D:3)
  3 iguanas
  2 sleepcaps
  24 orc wizards
  19 hell rats
  14 adders
  23 gnolls
  An ufetubus (D:4)
  2 worms
  3 dart slugs
  109 orcs
  16 endoplasms
  22 giant cockroaches
  8 goblins
  5 hobgoblins
  4 jackals (D:2)
  35 kobolds
  10 quokkas
  14 ball pythons
  3 bats
  14 frilled lizards
  8 rats
  A starspawn tentacle (Shoals:1)
892 creatures vanquished.

Vanquished Creatures (others)
  An ogre mage (D:13)
  An orc wizard (Orc:1)
  2 starspawn tentacles (Shoals:1)
4 creatures vanquished.

Grand Total: 896 creatures vanquished

Notes
Turn   | Place    | Note
-------+----------+-------------------------------------------
     0 | D:1      | howech the Minotaur Berserker began the quest for the Orb.
     0 | D:1      | Reached XP level 1. HP: 19/19 MP: 0/0
    94 | D:1      | Reached XP level 2. HP: 14/27 MP: 1/1
   561 | D:1      | Reached XP level 3. HP: 32/33 MP: 2/2
   845 | D:2      | Reached skill level 1 in Shields
   889 | D:2      | Found Rautuor's General Store.
   982 | D:2      | Reached ** piety under Trog
   984 | D:2      | Reached skill level 4 in Fighting
  1007 | D:2      | Reached XP level 4. HP: 26/40 MP: 3/3
  1245 | D:2      | Reached skill level 1 in Evocations
  1360 | D:2      | Reached skill level 1 in Throwing
  1435 | D:3      | Found a shimmering blue altar of Sif Muna.
  1557 | D:3      | Identified the +0 ring mail of Happiness {Int+3 Dex+2}
  1871 | D:3      | Reached XP level 5. HP: 46/46 MP: 4/4
  1904 | D:3      | Found a glowing golden altar of the Shining One.
  2296 | D:3      | Found a runed translucent door.
  2297 | D:3      | Noticed Crazy Yiuf
  2306 | D:3      | Killed Crazy Yiuf
  2465 | D:3      | Reached skill level 5 in Axes
  2746 | D:4      | Reached XP level 6. HP: 34/53 MP: 5/5
  2874 | D:4      | Found an ancient bone altar of Kikubaaqudgha.
  2933 | D:4      | Found a sparkling altar of Nemelex Xobeh.
  3468 | D:5      | Entered Level 5 of the Dungeon
  3483 | D:5      | Reached XP level 7. HP: 58/60 MP: 6/6
  3702 | D:5      | Reached skill level 5 in Fighting
  3773 | D:5      | Noticed Eustachio
  3781 | D:5      | Found a broken altar of Ashenzari.
  3781 | D:5      | Found a stormy altar of Qazlal.
  3792 | D:5      | Killed Eustachio
  3792 | D:5      | Reached *** piety under Trog
  4097 | D:5      | Found a glowing drain.
  4115 | Sewer    | Entered a sewer
  4148 | Sewer    | Reached XP level 8. HP: 68/68 MP: 7/7
  4904 | D:6      | Reached skill level 5 in Armour
  5239 | D:6      | Reached skill level 6 in Fighting
  5560 | D:6      | Reached **** piety under Trog
  5615 | D:6      | Found a burning altar of Makhleb.
  5829 | D:6      | Reached XP level 9. HP: 57/75 MP: 8/8
  6089 | D:6      | Found a bloodstained altar of Trog.
  6100 | D:6      | Reached skill level 5 in Dodging
  6231 | D:7      | Noticed Duvessa
  6231 | D:7      | Noticed Dowan
  6245 | D:7      | Killed Duvessa
  6246 | D:7      | Reached skill level 5 in Shields
  6252 | D:7      | Killed Dowan
  6341 | D:7      | Identified the +5 war axe "Seth" {freeze, rF+ Int-3 Dex+4}
  6451 | D:7      | Found a shimmering altar of Xom.
  6556 | D:7      | Found a radiant altar of Vehumet.
  6894 | D:7      | Found a runed translucent gate.
  6894 | D:7      | Noticed Demosthentine's ghost (amateur DsGl)
  6895 | D:7      | Found a runed translucent gate.
  6895 | D:7      | Identified the +1 chain mail of the Catfish {rN++ Slay-3}
  6896 | D:7      | Found a runed translucent gate.
  7170 | D:7      | Found a staircase to the Ecumenical Temple.
  7513 | D:8      | Noticed Erica
  7521 | D:8      | Killed Erica
  7522 | D:8      | Reached skill level 7 in Fighting
  7522 | D:8      | Reached skill level 5 in Throwing
  7705 | D:8      | Reached skill level 10 in Axes
  8036 | D:8      | Found a white marble altar of Elyvilon.
  8050 | D:8      | Reached skill level 5 in Evocations
  8170 | D:9      | Reached XP level 10. HP: 88/88 MP: 9/9
  8279 | D:9      | Reached skill level 8 in Fighting
  9271 | D:10     | Entered Level 10 of the Dungeon
  9271 | D:10     | Noticed a centaur warrior
  9278 | D:10     | Killed a centaur warrior
  9354 | D:10     | Found a staircase to the Lair.
  9385 | D:10     | Reached ***** piety under Trog
  9425 | D:10     | Reached skill level 9 in Fighting
  9491 | D:10     | Reached XP level 11. HP: 97/97 MP: 10/10
  9545 | D:10     | Noticed Josephine
  9559 | D:10     | Killed Josephine
  9619 | D:10     | Noticed an orc knight
  9643 | D:10     | Killed an orc knight
  9823 | D:10     | Found a staircase to the Orcish Mines.
 10191 | D:10     | Found a glowing silver altar of Zin.
 10319 | D:10     | Found a hide-covered altar of Uskayaw.
 10477 | D:11     | Noticed Harold
 10504 | D:11     | Killed Harold
 10654 | D:11     | Noticed a boulder beetle
 10683 | D:11     | Killed a boulder beetle
 10858 | D:11     | Noticed a two-headed ogre
 10866 | D:11     | Killed a two-headed ogre
 10954 | D:11     | Noticed Maurice
 10964 | D:11     | Killed Maurice
 11610 | D:11     | Noticed a two-headed ogre
 11616 | D:11     | Killed a two-headed ogre
 11669 | D:11     | Noticed a white ugly thing
 11677 | D:11     | Killed a white ugly thing
 11821 | D:11     | Noticed a two-headed ogre
 11826 | D:11     | Killed a two-headed ogre
 11827 | D:11     | Reached skill level 10 in Fighting
 11956 | D:11     | Identified a scroll of acquirement
 11956 | D:11     | Acquired 655 gold pieces
 12330 | D:12     | Noticed a boulder beetle
 12372 | D:11     | Killed a boulder beetle
 12373 | D:11     | Reached XP level 12. HP: 81/106 MP: 11/11
 12924 | D:13     | Received a gift from Trog
 12926 | D:13     | Noticed Azrael
 12931 | D:13     | Killed Azrael
 12945 | D:14     | Noticed a seven-headed hydra
 12947 | D:14     | Noticed a centaur warrior
 12952 | D:14     | HP: 1/107 [seven-headed hydra (6)]
 13243 | D:13     | Killed a one-headed hydra
 13367 | D:14     | Killed a centaur warrior
 13476 | D:14     | Noticed a centaur warrior
 13536 | D:14     | Killed a centaur warrior
 13662 | D:14     | Noticed a two-headed ogre
 13662 | D:14     | Noticed a boulder beetle
 13688 | D:14     | Killed a boulder beetle
 13689 | D:14     | Noticed a boulder beetle
 13695 | D:14     | Killed a two-headed ogre
 13696 | D:14     | Reached skill level 11 in Fighting
 13737 | D:14     | Killed a boulder beetle
 14004 | D:13     | Noticed Nessos
 14244 | D:13     | Killed Nessos
 14245 | D:13     | Reached XP level 13. HP: 99/116 MP: 12/12
 14414 | D:13     | Reached skill level 15 in Axes
 14443 | D:13     | HP: 3/116 [centaur warrior/arrow (18)]
 14870 | D:13     | Noticed Snorg
 14878 | D:13     | Killed Snorg
 14970 | D:13     | Noticed Jorgrun
 14982 | D:13     | Killed Jorgrun
 15194 | D:13     | Noticed Kirke
 15206 | D:13     | Killed Kirke
 15207 | D:13     | Reached skill level 10 in Armour
 15655 | D:13     | Found a gate to the Vaults.
 15908 | D:14     | Reached skill level 12 in Fighting
 15908 | D:14     | Reached skill level 10 in Shields
 16488 | D:15     | Entered Level 15 of the Dungeon
 16521 | D:15     | Noticed a stone giant
 16523 | D:15     | Found a staircase to the Depths.
 16597 | D:15     | Killed a stone giant
 16711 | D:15     | Found a broken altar of Ashenzari.
 17122 | D:15     | Reached skill level 10 in Dodging
 17122 | D:15     | Reached XP level 14. HP: 115/127 MP: 13/13
 17775 | D:15     | Paralysed by an ogre mage for 5 turns
 18072 | Lair:1   | Entered Level 1 of the Lair of Beasts
 18862 | Lair:1   | Reached skill level 13 in Fighting
 19014 | Lair:1   | Acquired a manual of Dodging
 19020 | Lair:1   | Acquired 542 gold pieces
 19022 | Lair:1   | Acquired 987 gold pieces
 20368 | Lair:3   | Found a staircase to the Snake Pit.
 20706 | Lair:3   | Received a gift from Trog
 20708 | Lair:3   | Reached skill level 10 in Evocations
 20772 | Lair:3   | Found a staircase to the Shoals.
 20935 | Lair:3   | Reached skill level 14 in Fighting
 21708 | Lair:3   | You fall into a shaft and drop 1 floor!
 21846 | Lair:4   | Reached skill level 15 in Fighting
 23113 | Lair:5   | Entered Level 5 of the Lair of Beasts
 23120 | Lair:5   | Reached XP level 15. HP: 141/141 MP: 14/14
 23469 | Lair:5   | Reached skill level 16 in Fighting
 23629 | Lair:5   | Found a staircase to the Slime Pits.
 23779 | Lair:5   | Received a gift from Trog
 23863 | Lair:5   | Found a large runed translucent door.
 23864 | Lair:5   | Found a large runed translucent door.
 24313 | Lair:5   | Reached skill level 17 in Fighting
 24933 | Lair:5   | Identified the +4 great mace "Jusudon" {vamp, rC+ Str+5}
 25406 | Orc:1    | Entered Level 1 of the Orcish Mines
 25527 | Orc:2    | Entered Level 2 of the Orcish Mines
 25632 | Orc:2    | Found a staircase to the Elven Halls.
 26045 | Orc:2    | Found Debegof's Assorted Antiques.
 26219 | Orc:2    | Reached skill level 18 in Fighting
 26796 | Orc:2    | Found Ropeaq's Antique Weapon Shoppe.
 26852 | Orc:2    | Found Aduna's Antique Weapon Shop.
 26858 | Orc:2    | Found Kilifrel's Antique Armour Boutique.
 26863 | Orc:2    | Bought a pair of faintly glowing boots for 275 gold pieces
 26863 | Orc:2    | Identified the +1 pair of boots of Hopscotch {+Inv rF+ SInv
                  | Stlth+} (You bought it in a shop on level 2 of the Orcish
                  | Mines)
 26880 | Orc:2    | Bought a glowing broad axe for 196 gold pieces
 27868 | Snake:1  | Entered Level 1 of the Snake Pit
 27909 | Shoals:1 | Entered Level 1 of the Shoals
 27909 | Shoals:1 | Found Otiumes's Book Shoppe.
 27950 | Shoals:1 | Found Cuerhut's Antique Weapon Shoppe.
 27961 | Shoals:1 | Noticed Mlioglotl
 27971 | Shoals:1 | Noticed a bone dragon
 27971 | Shoals:1 | Noticed a tentacled starspawn
 27983 | Shoals:1 | Killed Mlioglotl
 27984 | Shoals:1 | Reached skill level 19 in Fighting
 28295 | Shoals:1 | Found Kusihe's Assorted Antiques.
 28298 | Shoals:1 | Bought a scroll of acquirement for 1508 gold pieces
 28298 | Shoals:1 | Acquired a manual of Evocations
 28382 | Shoals:1 | Found Potih's Magic Scroll Emporium.
 28483 | Shoals:1 | Received a gift from Trog
 28565 | Shoals:1 | Found Suatwamy's Antique Armour Shop.
 29589 | D:7      | Killed Demosthentine's ghost
 30252 | Shoals:2 | Reached XP level 16. HP: 123/161 MP: 5/15
 30755 | Shoals:2 | You fall into a shaft and drop 1 floor!
 31506 | Shoals:2 | Noticed Polyphemus
 31524 | Shoals:2 | Killed Polyphemus
 31813 | Shoals:3 | Found a transporter.
 31815 | Shoals:3 | Noticed Iniera's ghost (adept HuMo)
 32770 | Shoals:3 | Found a transporter.
 33116 | Shoals:3 | Reached skill level 20 in Fighting
 33418 | Shoals:4 | Entered Level 4 of the Shoals
 33535 | Shoals:4 | HP: 5/162 [merfolk impaler/+3 trident of freezing (11)]
 35104 | Shoals:4 | HP: 2/163 [merfolk javelineer/javelin (9)]
 35105 | Shoals:4 | Hit by a javelin thrown by a merfolk javelineer

Illustrated notes

Levels and vault maps discovered:
D:1:      onia_arrival_handbag, layout_loops_ring,
          nicolae_houndstooth_variations
D:2:      layout_basic, serial_shops, nicolae_diamond_shop
D:3:      layout_basic, nicolae_tso_swordbearing_angel,
          mainiacjoe_overflow_boulevard, grunt_ministairs_15,
          kennysheep_generic_room_2, uniq_crazy_yiuf_cottage
D:4:      layout_gridville, nemelex_xobeh_ov_fountains_minmay,
          overflow_temple_1_default, minmay_misc_feat_tower
D:5:      layout_basic, jmf_multi_god_temple, gup_sewer_entry_glass,
          uniq_eustachio
D:6:      layout_gridville, amcnicky_altar_gilded, mainiacjoe_overflow_alcove_2,
          nicolae_the_louvre
D:7:      layout_loops_corners, vehumet_crystals,
          nicolae_overflow_crystal_walls, minmay_temple_entry_glassed_door,
          biasface_ghost_orc_armoury, uniq_duvessa
D:8:      layout_basic, mainiacjoe_overflow_tiny_flanked, uniq_erica
D:9:      layout_layer_cave
D:10:     layout_roguey, nicolae_uskayaw_dance_studio, zin_academy,
          minmay_lair_entry_grove, david_orc_5, uniq_josephine
D:11:     layout_long_grid, gauntlet_entry_generic, uniq_maurice, uniq_harold
D:12:     layout_loops_cross
D:13:     layout_loops_corners, hangedman_vaults_entry_quadrant_bands,
          uniq_jorgrun, uniq_kirke, uniq_snorg, uniq_nessos, uniq_azrael
D:14:     layout_rooms, minmay_starry_boxes
D:15:     grunt_enter_depths_giant_problem, layout_loops_ring,
          cheibrodos_ashenzari_chains
Lair:1:   layout_cave_pods, grunt_megastairs_4
Lair:2:   layout_roguey, minmay_holes, serial_bayou_shore_a
Lair:3:   minmay_lair_oklob_chamber, layout_long_grid,
          minmay_shoals_entry_lonely_mermaid, guppyfry_snake_entry_garden,
          portal_ice_cave_entry_pillars_2
Lair:4:   layout_gridlike, lemuel_fruit_fields, grunt_megastairs_2
Lair:5:   cheibrodos_lair_end_hotspot, layout_regular_city,
          nicolae_slime_entry_slimehenge, infiniplex_staircase_pool,
          lemuel_fruit_tree
Shoals:1: layout_shoals, serial_shops, shop, nicolae_shop_window_shopping, shop,
          nicolae_shop_behind_doors, nicolae_shop_competitors_out_of_business,
          uniq_mlioglotl
Shoals:2: layout_shoals, uniq_polyphemus
Shoals:3: layout_shoals, gammafunk_ghost_arena
Shoals:4: shoals_end_grunt_ice, layout_shoals, minmay_shop_mayhem,
          nicolae_shoals_mertower
Snake:1:  layout_cave_pods, serial_bayou, serial_bayou_pond_d,
          serial_bayou_lagoon_a, serial_bayou_lake_a, serial_bayou_pond_c,
          grunt_megastairs_5
Orc:1:    layout_caves
Orc:2:    grunt_orc_community_town_hall, layout_caves,
          grunt_orc_community_big_house_1, grunt_orc_community_big_house_1,
          grunt_orc_community_house_1, grunt_orc_community_house_2,
          grunt_orc_community_house_3, grunt_orc_community_house_2

Skill      XL: |  1  2  3  4  5  6  7  8  9 10 11 12 13 14 15 16 |
---------------+-------------------------------------------------+-----
Axes           | 4 5 6 8 10 12 13 14 16 18 | 18.0
Shields        | 1 2 3 4 5 6 7 9 10 11 | 11.7
Fighting       | 4 5 6 7 9 10 11 12 15 19 20 | 20.2
Armour         | 3 4 5 6 8 9 10 11 | 11.8
Evocations     | 1 2 3 5 6 7 8 10 12 | 12.1
Throwing       | 1 2 3 5 |  5.0
Dodging        | 3 4 5 6 7 8 10 | 10.0

Action                     |  1- 3 |  4- 6 |  7- 9 | 10-12 | 13-15 | 16-18 || total
---------------------------+-------+-------+-------+-------+-------+-------++-------
  Melee: Hand axe          |    81 |   161 |   239 |       |       |       ||   481
         Headbutt          |    11 |    20 |    48 |   111 |   290 |    95 ||   575
         Punch             |       |       |     2 |       |       |       ||     2
         War axe           |       |       |    77 |   441 |   911 |       ||  1429
         Scimitar          |       |       |       |     7 |    13 |       ||    20
         Broad axe         |       |       |       |       |   221 |   351 ||   572
  Throw: Throwing net      |       |       |       |     4 |       |       ||     4
         Dart              |       |       |       |    24 |    78 |    44 ||   146
 Invoke: Berserk           |       |     3 |     6 |    15 |    28 |     5 ||    57
         Trog's Hand       |       |     3 |     4 |     7 |    16 |     1 ||    31
  Evoke: Lightning rod     |       |       |       |     1 |       |       ||     1
         Wand              |       |       |       |       |    20 |     1 ||    21
    Use: Scroll            |       |       |       |    20 |    12 |     6 ||    38
         Potion            |       |       |       |     1 |     6 |     3 ||    10
   Stab: Held in net/web   |       |       |       |     2 |       |       ||     2
         Distracted        |       |       |       |     1 |       |       ||     1
         Petrified         |       |       |       |       |     5 |       ||     5
 Armour: Animal skin       |    13 |     6 |       |       |       |       ||    19
         Scale mail        |       |    48 |    53 |       |       |       ||   101
         Chain mail        |       |       |    68 |   123 |   197 |       ||   388
         Plate armour      |       |       |       |       |   101 |   132 ||   233
  Dodge: Dodged            |    50 |   109 |   164 |   128 |   385 |   116 ||   952
  Block: Buckler           |       |       |    58 |   265 |   565 |   161 ||  1049
         Reflection        |       |       |     2 |    34 |    38 |    15 ||    89

Table legend: (Time is in decaauts)
 A = Elapsed time spent in this place.
 B = Non-inter-level travel time spent in this place.
 C = Inter-level travel time spent in this place.
 D = Time resting spent in this place.
 E = Time spent auto-exploring this place.
 F = Levels seen in this place.
 G = Mean time per level.
                   A        B        C        D        E       F      G
               +--------+--------+--------+--------+--------+-----+--------+
         Total |  35509 |  34035 |   1474 |  10202 |  16639 |  28 | 1268.2 |
       Dungeon |  17921 |  17256 |    665 |   3948 |   9830 |  15 | 1194.7 |
          Lair |   7449 |   6967 |    482 |   1646 |   3960 |   5 | 1489.8 |
        Shoals |   7042 |   6866 |    176 |   3986 |   1473 |   4 | 1760.5 |
     Snake Pit |      1 |      1 |      0 |      0 |      0 |   1 |    1.0 |
  Orcish Mines |   2363 |   2215 |    148 |    391 |   1184 |   2 | 1181.5 |
         Sewer |    732 |    732 |      0 |    230 |    191 |   1 |  732.0 |
               +--------+--------+--------+--------+--------+-----+--------+

Top non-repeatable levels by time:
Shoals:2: 2559 daAuts
Shoals:3: 2397 daAuts
  Lair:5: 2113 daAuts
    D:14: 1903 daAuts
    D:11: 1809 daAuts
Shoals:1: 1624 daAuts
    D:13: 1607 daAuts
  Lair:3: 1514 daAuts
   Orc:2: 1484 daAuts
     D:7: 1436 daAuts
  Lair:4: 1406 daAuts
     D:6: 1366 daAuts
    D:10: 1355 daAuts
    D:15: 1323 daAuts
     D:3: 1300 daAuts
